 Dungeon Crawl Stone Soup version 0.31-a0-277-g31ea1f65cc (webtiles) character file.

Game seed: 9792593514854222080

35447 howech the Severer (level 13, -5/124 HPs)
             Began as a Minotaur Berserker on July 15, 2023.
             Was an Elder of Trog.
             Slain by a death yak (10 damage)
             ... on level 5 of the Lair of Beasts.
             The game lasted 01:05:02 (17490 turns).

howech the Severer (Minotaur Berserker)            Turns: 17490, Time: 01:05:03

Health: -5/124     AC: 17    Str: 23    XL:     13   Next: 47%
Magic:  12/12      EV:  9    Int:  6    God:    Trog [****..]
Gold:   886        SH:  5    Dex: 12    Spells: 12/12 levels left

rFire   . . .        p - +1 broad axe (spect)
rCold   . . .        O - +0 buckler
rNeg    . . .        B - +0 plate armour
rPois   .            (helmet restricted)
rElec   .            l - +0 cloak
rCorr   .            J - +0 pair of gloves
SInv    .            k - +0 pair of boots
Will    .....        i - amulet of the acrobat Stlth
                     (no ring)
HPRegen 0.40/turn    (no ring)
MPRegen 0.13/turn

%: acrobat
@: on berserk cooldown, slowed, very slow
A: horns 2, retaliatory headbutt
a: Renounce Religion, Berserk, Trog's Hand, Brothers in Arms


You were on level 5 of the Lair of Beasts.
You worshipped Trog.
Trog was greatly pleased with you.
You visited 2 branches of the dungeon, and saw 13 of its levels.
You also visited: Ossuary.

You collected 886 gold pieces.

Inventory:

Hand Weapons
 a - a +3 hand axe of venom
 b - a +1 hand axe of flaming
 p - a +1 spectral broad axe (weapon)
 E - a +0 war axe
Missiles
 D - 12 poisoned darts (quivered)
 L - a throwing net
Armour
 k - a +0 pair of boots (worn)
 l - a +0 cloak (worn)
 s - the +0 plate armour of the Sea {rN+ rCorr SInv}
   (You found it on level 2 of the Lair of Beasts)

   rN:        It protects you from negative energy.
   SInv:      It lets you see invisible.
   rCorr:     It protects you from acid and corrosion.
 B - a +0 plate armour (worn)
 J - a +0 pair of gloves (worn)
 N - the +2 pair of boots "Meddidug" {Harm +Inv rElec}
   (You found it on level 3 of the Lair of Beasts)

   rElec:     It insulates you from electricity.
   +Inv:      It lets you turn invisible.
   Harm:      It increases damage dealt and taken.
 O - a +0 buckler (worn)
Jewellery
 i - an amulet of the acrobat (around neck)
 A - a ring of resist corrosion
Talismans
 x - a blade talisman
 H - a maw talisman
Wands
 e - a wand of light (8)
 g - a wand of charming (11)
 m - a wand of digging (4)
 y - a wand of polymorph (8)
 F - a wand of mindburst (18)
 K - a wand of iceblast (12)
 Q - a wand of flame (15)
Scrolls
 c - 5 scrolls of immolation
 h - a scroll of silence
 j - 6 scrolls of teleportation
 o - a scroll of enchant weapon
 q - 2 scrolls of fog
 w - a scroll of revelation
 P - a scroll of fear
Potions
 d - 3 potions of degeneration
 f - 4 potions of curing
 n - 2 potions of enlightenment
 r - 8 potions of mutation
 t - 2 potions of cancellation
 u - 3 potions of berserk rage
 v - 2 potions of heal wounds
 z - a potion of invisibility
 C - a potion of ambrosia
 G - a potion of magic
 I - a potion of brilliance {unknown}
 R - a potion of lignification {unknown}


   Skills:
 + Level 14.0 Fighting
 * Level 18.1 Axes
 - Level 5.0 Throwing
 + Level 8.0 Armour
 + Level 7.2 Dodging
 + Level 7.2 Shields
 + Level 6.3 Evocations


You had 12 spell levels left.
You didn't know any spells.
Your spell library was empty.

Dungeon Overview and Level Annotations

Branches:
Dungeon (8/15)             Temple (0/1) D:7            Lair (5/5) D:8
 Shoals (0/4) Lair:2       Spider (0/4) Lair:2        Slime (0/5) Lair:4
Ossuary (visited)

Altars:
Ashenzari
Gozag
Hepliaklqana
Kikubaaqudgha
Nemelex Xobeh
Sif Muna
Trog
Vehumet
Xom
Jiyva

Annotations:
Lair:2 2 transporters, snackwell's ghost, journeyman MiSh
Lair:4 2 transporters


Innate Abilities, Weirdness & Mutations

You have a pair of horns on your head.
You reflexively headbutt those who attack you in melee.


Message History

The death yak is moderately wounded.
You hit the death yak but do no damage. The death yak closely misses you.
You furiously retaliate!
You headbutt the death yak! The death yak gores you!!
You block the death yak's attack. x2
Unknown command.
You hit the death yak. You headbutt the death yak!
The death yak is severely wounded.
You hit the death yak but do no damage. The death yak gores you!!
* * * LOW HITPOINT WARNING * * *
The death yak gores you but does no damage.
Unknown command.
Unknown command.
Okay, then.
You feel much better. The death yak closely misses you.
The death yak gores you.
Unknown command.
You hit the death yak.
The death yak is severely wounded.
You slash the death yak! The death yak gores you!!
* * * LOW HITPOINT WARNING * * *
The death yak gores you!
* * * LOW HITPOINT WARNING * * *
Unknown command.
You hit the death yak but do no damage.
You headbutt the death yak, but do no damage.
The death yak is severely wounded.
You hit the death yak but do no damage. The death yak gores you.
* * * LOW HITPOINT WARNING * * *
The death yak gores you but does no damage.
Unknown command.
Unknown command.
Unknown command.
You slash the death yak!
The death yak is almost dead.
You barely miss the death yak. The death yak gores you.
* * * LOW HITPOINT WARNING * * *
The death yak gores you!
* * * LOW HITPOINT WARNING * * *
The death yak barely misses you. The death yak gores you!
You die...

### ###.#
########P..##
###...........#
##..P...##.....
##....P.##.÷.YY#
#P....### #@##
###...### #..##
##...P# ##..##
#..÷.## #...#
.....# #...#
.♣...# #...#
♣....# #...#
....## #..##
#...# ##..#


You could see 2 death yaks.

Vanquished Creatures
  2 hydras
  2 catoblepae
  A boulder beetle (Lair:4)
  17 death yaks
  A skyshark (Lair:3)
  A lindwurm (Lair:4)
  An oklob plant (Lair:4)
  12 elephants (Lair:5)
  2 black mambas
  Maggie (D:8)
  14 cane toads
  A rime drake (Lair:3)
  7 komodo dragons
  5 polar bears
  Prince Ribbit (D:7)
  4 blink frogs (Lair:1)
  3 wyverns
  2 steam dragons (D:6)
  A basilisk (Lair:2)
  19 yaks
  13 water moccasins
  2 ice beasts
  A black bear (D:5)
  2 ogres
  10 wolves
  A centaur (D:7)
  2 kobold brigands
  Blork the orc (D:4)
  9 bullfrogs
  3 scorpions
  5 wights (D:8)
  2 electric eels
  A howler monkey (D:8)
  9 hounds
  A gnoll bouda (D:5)
  3 jellies (D:7)
  A human zombie (Ossuary)
  2 orc priests
  2 sleepcaps
  Terence (D:2)
  An iguana (D:5)
  An orc wizard (D:6)
  A hound zombie (Ossuary)
  4 mummies (Ossuary)
  Robin (D:2)
  6 gnolls
  6 adders
  A white imp (D:7)
  An ufetubus (D:6)
  4 adder zombies (Ossuary)
  5 worms
  4 dart slugs
  22 orcs
  7 ball pythons
  2 bats
  5 endoplasms
  4 giant cockroaches
  A gnoll zombie (Ossuary)
  7 hobgoblins
  14 kobolds
  3 quokkas
  2 frilled lizards (D:1)
  17 goblins
  3 goblin zombies
  A hobgoblin zombie (Ossuary)
  A kobold zombie (Ossuary)
  An orc zombie (Ossuary)
  A quokka zombie (D:5)
  4 rats
298 creatures vanquished.

Notes
Turn   | Place    | Note
-------+----------+-------------------------------------------
     0 | D:1      | howech the Minotaur Berserker began the quest for the Orb.
     0 | D:1      | Reached XP level 1. HP: 19/19 MP: 0/0
   194 | D:1      | Reached XP level 2. HP: 20/27 MP: 1/1
   741 | D:2      | Reached skill level 4 in Axes
   803 | D:2      | Reached XP level 3. HP: 33/33 MP: 2/2
   803 | D:2      | Noticed Robin
   806 | D:2      | Noticed Terence
   815 | D:2      | Reached ** piety under Trog
   822 | D:2      | Killed Robin
   833 | D:2      | Killed Terence
   834 | D:2      | Reached XP level 4. HP: 7/41 MP: 3/3
   837 | D:2      | HP: 3/61 [poisoned by Terence]
   840 | D:2      | HP: 1/41 [poisoned by Terence]
  1020 | D:2      | Found a shimmering blue altar of Sif Muna.
  1755 | D:3      | Reached XP level 5. HP: 47/47 MP: 4/4
  2057 | D:3      | Found a bloodstained altar of Trog.
  2101 | D:3      | Found an opulent altar of Gozag.
  2257 | D:3      | Found a faded altar of an unknown god.
  2447 | D:3      | Found a hazy altar of Hepliaklqana.
  2617 | D:4      | Reached skill level 5 in Fighting
  2617 | D:4      | Reached skill level 5 in Axes
  2687 | D:4      | Noticed Blork the orc
  2695 | D:4      | Killed Blork the orc
  2696 | D:4      | Reached XP level 6. HP: 52/56 MP: 5/5
  3194 | D:4      | Reached *** piety under Trog
  3551 | D:5      | Entered Level 5 of the Dungeon
  3604 | D:5      | Found an ancient bone altar of Kikubaaqudgha.
  3662 | D:5      | Reached skill level 5 in Armour
  3662 | D:5      | Reached XP level 7. HP: 53/62 MP: 6/6
  3812 | D:5      | Found a sand-covered staircase.
  3827 | Ossuary  | Entered an ossuary
  4071 | Ossuary  | Reached skill level 6 in Axes
  4318 | D:5      | Reached skill level 5 in Dodging
  4655 | D:5      | Found a shimmering altar of Xom.
  4996 | D:6      | Reached XP level 8. HP: 69/71 MP: 7/7
  5018 | D:6      | Reached skill level 7 in Axes
  5018 | D:6      | Reached skill level 1 in Throwing
  5018 | D:6      | Reached skill level 1 in Shields
  5018 | D:6      | Reached skill level 1 in Evocations
  5336 | D:6      | Found a sparkling altar of Nemelex Xobeh.
  5536 | D:7      | Reached **** piety under Trog
  5546 | D:7      | Reached skill level 8 in Axes
  5597 | D:7      | Found a staircase to the Ecumenical Temple.
  5800 | D:7      | Found a broken altar of Ashenzari.
  5821 | D:7      | Noticed Prince Ribbit
  5829 | D:7      | Reached XP level 9. HP: 72/79 MP: 8/8
  5829 | D:7      | Killed Prince Ribbit
  6177 | D:7      | Found a radiant altar of Vehumet.
  6747 | D:8      | Found a staircase to the Lair.
  6748 | D:8      | Noticed a komodo dragon
  6761 | D:8      | Killed a komodo dragon
  6762 | D:8      | Reached skill level 9 in Axes
  7286 | D:8      | Noticed Maggie
  7299 | D:8      | Killed Maggie
  7375 | D:8      | Found a shimmering blue altar of Sif Muna.
  7469 | D:8      | Reached skill level 10 in Axes
  7614 | Lair:1   | Entered Level 1 of the Lair of Beasts
  7636 | Lair:1   | Noticed a komodo dragon
  7653 | Lair:1   | Killed a komodo dragon
  7654 | Lair:1   | Reached skill level 5 in Shields
  8010 | Lair:1   | Noticed a cane toad
  8018 | Lair:1   | Killed a cane toad
  8019 | Lair:1   | Reached XP level 10. HP: 29/90 MP: 9/9
  8654 | Lair:1   | Noticed a cane toad
  8660 | Lair:1   | Killed a cane toad
  8688 | Lair:1   | Reached skill level 11 in Axes
  8688 | Lair:1   | Reached skill level 5 in Throwing
  8854 | Lair:1   | Identified the +6 short sword "Siosmuy" {freeze, rElec rC+
                  | Will+ Dex-2}
  8915 | Lair:1   | Noticed a cane toad
  8927 | Lair:1   | Killed a cane toad
  9366 | Lair:2   | Found a staircase to the Shoals.
  9521 | Lair:2   | Reached skill level 5 in Evocations
  9551 | Lair:2   | Noticed a cane toad
  9562 | Lair:2   | Killed a cane toad
  9563 | Lair:2   | Reached skill level 12 in Axes
  9652 | Lair:2   | Found a hole to the Spider Nest.
  9664 | Lair:2   | Noticed a cane toad
  9676 | Lair:2   | Killed a cane toad
  9677 | Lair:2   | Reached skill level 10 in Fighting
  9680 | Lair:2   | Noticed a cane toad
  9921 | Lair:2   | Killed a cane toad
 10015 | Lair:2   | Identified the +0 plate armour of the Sea {rN+ rCorr SInv}
 10042 | Lair:2   | Reached XP level 11. HP: 100/100 MP: 10/10
 10058 | Lair:2   | Noticed a spriggan rider
 10065 | Lair:2   | Found a bloodstained altar of Trog.
 10065 | Lair:2   | Noticed snackwell's ghost (journeyman MiSh)
 10065 | Lair:2   | Noticed a spriggan berserker
 10118 | Lair:2   | Found a transporter.
 10121 | Lair:2   | Found a transporter.
 10367 | Lair:2   | Noticed an eight-headed hydra
 10603 | Lair:2   | Killed a 14-headed hydra
 10604 | Lair:2   | Reached skill level 13 in Axes
 11512 | Lair:3   | Noticed a skyshark
 11531 | Lair:3   | Killed a skyshark
 11532 | Lair:3   | Reached skill level 14 in Axes
 11793 | Lair:3   | Identified the +2 pair of boots "Meddidug" {Harm +Inv
                  | rElec}
 12100 | Lair:3   | Noticed a catoblepas
 12122 | Lair:3   | Killed a catoblepas
 12608 | Lair:4   | Noticed a lindwurm
 12619 | Lair:4   | Killed a lindwurm
 12620 | Lair:4   | Reached skill level 15 in Axes
 12847 | Lair:4   | Noticed a death yak
 12864 | Lair:4   | Noticed a death yak
 12865 | Lair:4   | Noticed a death yak
 12870 | Lair:4   | Noticed a death yak
 12906 | Lair:4   | Killed a death yak
 13072 | Lair:3   | Killed a death yak
 13073 | Lair:3   | Reached XP level 12. HP: 82/113 MP: 11/11
 13243 | Lair:3   | Killed a death yak
 13312 | Lair:4   | Killed a death yak
 13313 | Lair:4   | Reached skill level 16 in Axes
 13454 | Lair:4   | Found a staircase to the Slime Pits.
 13454 | Lair:4   | Found a viscous altar of Jiyva.
 13739 | Lair:4   | Found a transporter.
 13758 | Lair:4   | Found a transporter.
 13922 | Lair:4   | Noticed a boulder beetle
 13935 | Lair:4   | Killed a boulder beetle
 14448 | Lair:5   | Entered Level 5 of the Lair of Beasts
 14462 | Lair:5   | Noticed a six-headed hydra
 14462 | Lair:5   | Noticed a death yak
 14877 | Lair:5   | Reached skill level 17 in Axes
 14960 | Lair:5   | Noticed a death yak
 14971 | Lair:5   | Noticed a death yak
 14971 | Lair:5   | Noticed a death yak
 14994 | Lair:4   | Killed a death yak
 15274 | Lair:4   | Killed a death yak
 15473 | Lair:5   | Noticed a death yak
 15502 | Lair:5   | Killed a death yak
 15508 | Lair:5   | Killed a death yak
 15510 | Lair:5   | Killed a death yak
 16325 | Lair:5   | Noticed a death yak
 16325 | Lair:5   | Noticed a death yak
 16325 | Lair:5   | Noticed a death yak
 16325 | Lair:5   | Noticed a death yak
 16397 | Lair:5   | Reached XP level 13. HP: 122/122 MP: 12/12
 17439 | Lair:5   | Reached skill level 18 in Axes
 17490 | Lair:5   | HP: 5/124 [death yak (9)]
 17490 | Lair:5   | Slain by a death yak

Illustrated notes

Levels and vault maps discovered:
D:1:      co_arrival_random_square_maze, layout_loops_ring,
          kennysheep_another_room
D:2:      layout_loops_ring, basic_altar, uniq_terence, uniq_robin
D:3:      layout_basic, mainiacjoe_overflow_alcove_1,
          mainiacjoe_overflow_cross_hatched, lemuel_round_altar,
          basic_ecumenical_altar, st_stairs_6, chequers_serial_rivers_micro_d,
          minmay_goblin_outpost
D:4:      layout_basic, chequers_serial_rivers_large_a,
          amcnicky_mini_corridor_feature, uniq_blork_the_orc
D:5:      layout_basic, xom_butterflies, mainiacjoe_overflow_boulevard,
          enter_ossuary_4
D:6:      cheibrodos_steamvent, layout_loops_ring, nemelex_diamond_rough_becter
D:7:      statuecave_lemuel, layout_basic, mainiacjoe_overflow_catwalk,
          vehumet_crystals, minmay_temple_entry_tees, dreamdust_gnoll_farm,
          uniq_prince_ribbit1
D:8:      layout_loops_ring, marbit_many_paths, david_lair_shrubbed, uniq_maggie
Lair:1:   layout_chaotic_city, serial_bayou_shore_a, serial_bayou_shore_b
Lair:2:   layout_regular_city, elwin_shoals_entry_rocks, dummy_spider_entry,
          gammafunk_ghost_wrathful_warriors
Lair:3:   layout_long_grid
Lair:4:   gammafunk_worm_tunnel, layout_regular_city, slime_entry_1,
          nzn_sisyphean_effort
Lair:5:   grunt_lair_end_beastmaster, layout_regular_city, columned_hall_lemuel

Skill      XL: |  1  2  3  4  5  6  7  8  9 10 11 12 13 |
---------------+----------------------------------------+-----
Axes           | 4 5 6 8 10 12 15 17 18 | 18.1
Fighting       | 4 5 6 7 8 10 12 13 14 | 14.0
Armour         | 3 4 5 7 8 |  8.0
Dodging        | 3 4 5 6 7 |  7.2
Throwing       | 2 4 5 |  5.0
Shields        | 3 5 6 7 |  7.2
Evocations     | 2 3 5 6 |  6.3

Action                     |  1- 3 |  4- 6 |  7- 9 | 10-12 | 13-15 || total
---------------------------+-------+-------+-------+-------+-------++-------
  Melee: Hand axe          |    61 |   136 |   257 |   515 |    18 ||   987
         Headbutt          |     9 |    23 |    54 |   145 |    29 ||   260
         Punch             |     1 |     2 |     3 |     3 |       ||     9
         Broad axe         |       |       |       |       |    70 ||    70
  Throw: Dart              |       |       |       |    47 |     1 ||    48
         Throwing net      |       |       |       |     1 |       ||     1
 Invoke: Berserk           |     1 |     1 |     2 |    12 |     2 ||    18
         Trog's Hand       |     1 |       |     1 |     5 |       ||     7
         Brothers in Arms  |       |       |       |     2 |       ||     2
    Use: Scroll            |       |       |    18 |     7 |       ||    25
         Potion            |       |       |       |     1 |     1 ||     2
   Stab: Distracted        |       |       |       |       |     1 ||     1
 Armour: Scale mail        |    21 |    49 |    73 |       |       ||   143
         Plate armour      |       |       |    38 |   213 |    37 ||   288
  Dodge: Dodged            |    31 |    81 |   150 |   164 |    32 ||   458
  Block: Buckler           |       |       |       |    48 |    18 ||    66

Table legend: (Time is in decaauts)
 A = Elapsed time spent in this place.
 B = Non-inter-level travel time spent in this place.
 C = Inter-level travel time spent in this place.
 D = Time resting spent in this place.
 E = Time spent auto-exploring this place.
 F = Levels seen in this place.
 G = Mean time per level.
                   A        B        C        D        E       F      G
               +--------+--------+--------+--------+--------+-----+--------+
         Total |  17469 |  16758 |    711 |   5344 |   7757 |  14 | 1247.8 |
       Dungeon |   7264 |   6925 |    339 |    584 |   5009 |   8 |  908.0 |
          Lair |   9809 |   9438 |    371 |   4588 |   2672 |   5 | 1961.8 |
       Ossuary |    395 |    395 |      0 |    172 |     75 |   1 |  395.0 |
               +--------+--------+--------+--------+--------+-----+--------+

Top non-repeatable levels by time:
  Lair:4: 2807 daAuts
  Lair:1: 2152 daAuts
  Lair:3: 1961 daAuts
  Lair:5: 1466 daAuts
  Lair:2: 1421 daAuts
     D:7: 1221 daAuts
     D:4: 1000 daAuts
     D:3: 944 daAuts
     D:1: 879 daAuts
     D:8: 866 daAuts
     D:5: 846 daAuts
     D:2: 778 daAuts
     D:6: 728 daAuts
 Ossuary: 395 daAuts
